 Dungeon Crawl Stone Soup version 0.25.1-8-g42b30a86e7 (webtiles) character file.

Game seed: 7850060739399710240

190 Erymatos the Chopper (level 5, -2/70 HPs)
             Began as a Minotaur Berserker on Dec 1, 2020.
             Was a Believer of Trog.
             Slain by a gnoll
             ... wielding a +0 spear
              (8 damage)
             ... on level 2 of the Dungeon.
             The game lasted 00:01:46 (2412 turns).

Erymatos the Chopper (Minotaur Berserker)           Turns: 2412, Time: 00:01:47

Health: -2/70      AC:  2    Str: 22    XL:     5   Next: 41%
Magic:  4/4        EV: 11    Int:  4    God:    Trog [**....]
Gold:   102        SH:  0    Dex: 10    Spells: 4/4 levels left

rFire    . . .     SeeInvis .   a - +0 hand axe
rCold    . . .     Gourm    .   (no shield)
rNeg     . . .     Faith    .   o - +0 scale mail
rPois    +         Spirit   .   (helmet restricted)
rElec    .         Reflect  .   (no cloak)
rCorr    .         Harm     .   (no gloves)
MR       .....                  (no boots)
Stlth    ..........             (no amulet)
HPRegen  0.21/turn              d - -4 ring of protection (curse)
MPRegen  0.09/turn              e - ring of poison resistance

@: berserking, very quick
A: retaliatory headbutt, horns 2
a: Berserk, Trog's Hand, Renounce Religion


You were on level 2 of the Dungeon.
You worshipped Trog.
Trog was pleased with you.
You were very hungry.

You visited 1 branch of the dungeon, and saw 2 of its levels.

You collected 102 gold pieces.

Inventory:

Hand Weapons
 a - a +0 hand axe (weapon)
Armour
 b - a +0 animal skin
 o - a +0 scale mail (worn)
Jewellery
 d - a cursed -4 ring of protection (left hand)
 e - a ring of poison resistance (right hand)
 g - an uncursed ring of protection from fire
Scrolls
 f - a scroll of remove curse {unknown}
 j - 3 scrolls of identify {unknown}
 l - a scroll of immolation {unknown}
 q - a scroll of teleportation {unknown}
 r - a scroll of amnesia {unknown}
Potions
 h - a potion of berserk rage {unknown}
 i - a potion of curing {unknown}
 k - a potion of mutation {unknown}
 m - a potion of brilliance {unknown}
 n - a potion of might {unknown}
Comestibles
 c - 8 rations
 p - 4 chunks of flesh


   Skills:
 + Level 4.7 Fighting
 + Level 5.9 Axes
 + Level 2.9 Armour
 + Level 3.1 Dodging
 + Level 0.5 Stealth


You had 4 spell levels left.
You didn't know any spells.
Your spell library was empty.

Dungeon Overview and Level Annotations

Branches:
Dungeon (2/15)

Altars:
Qazlal


Innate Abilities, Weirdness & Mutations

You reflexively headbutt those who attack you in melee.
You have a pair of horns on your head.


Message History

You see here a +0 halberd.
Unknown command.
You hit the gnoll.
The gnoll is heavily wounded.
The gnoll hits you from afar with a +0 spear.
* * * LOW HITPOINT WARNING * * *
The gnoll closely misses you.
Unknown command.
You slash the gnoll!
You feel the power of Trog in you as your rage grows.
You kill the gnoll!
Trog accepts your kill.
Unknown command.
The gnoll closely misses you. You furiously retaliate!
You headbutt the gnoll!
You see here a cursed -1 flail.
Your scale mail prevents you from hitting the gnoll.
You headbutt the gnoll.
The gnoll is severely wounded.
The gnoll hits you with a +0 spear!
You die...

#........^....# #..........#
#############.######..........#
#.#...............#
#.#.#####.######### #...# #.#
##### #.# ... #.# #.#####.#
#g@)....# #########


You could see a gnoll.

Vanquished Creatures
  An ogre (D:2)
  3 gnolls (D:2)
  2 adders (D:2)
  An ooze (D:2)
  2 worms (D:2)
  3 leopard geckos (D:1)
  5 bats
  3 giant cockroaches
  6 goblins
  4 hobgoblins
  5 jackals
  A quokka (D:2)
  6 frilled lizards
  5 kobolds
  6 rats
53 creatures vanquished.

Notes
Turn   | Place    | Note
-------+----------+-------------------------------------------
     0 | D:1      | Erymatos the Minotaur Berserker began the quest for the
                  | Orb.
     0 | D:1      | Reached XP level 1. HP: 19/19 MP: 0/0
   474 | D:1      | Reached skill level 4 in Axes
   474 | D:1      | Reached XP level 2. HP: 27/27 MP: 1/1
  1515 | D:2      | Found a stormy altar of Qazlal.
  1524 | D:2      | Reached XP level 3. HP: 18/33 MP: 2/2
  1671 | D:2      | Reached ** piety under Trog
  2027 | D:2      | Noticed an ogre
  2034 | D:2      | Killed an ogre
  2034 | D:2      | Reached skill level 5 in Axes
  2034 | D:2      | Reached XP level 4. HP: 20/41 MP: 3/3
  2260 | D:2      | Reached XP level 5. HP: 47/47 MP: 4/4
  2412 | D:2      | Slain by a gnoll

Illustrated notes

Levels and vault maps discovered:
D:1:      psy_arrival_dodecagon, layout_basic
D:2:      layout_basic, lemuel_doored_altar, minmay_fractal_squares_5

Skill      XL: |  1  2  3  4 |
---------------+-------------+-----
Axes           | 4 5 |  5.9
Fighting       | 4 |  4.7
Dodging        | 3 |  3.1
Armour         | |  2.9
Stealth        | |  0.5

Action                   |  1- 3 |  4- 6 || total
-------------------------+-------+-------++-------
Melee: Hand axe          |    57 |    32 ||    89
       Headbutt          |     9 |     6 ||    15
Invok: Berserk           |     3 |     2 ||     5
  Eat: Chunk             |     5 |     3 ||     8
Armor: Scale mail        |     1 |     5 ||     6
Dodge: Dodged            |    31 |    21 ||    52
